Map: Goldenaura LE

Players

Obvi - Winner!

  • Race: Zerg Zerg
  • League: Diamond
  • Spawn Location: 5:00

afkplayer

  • Race: Terran Terran
  • Spawn Location: 12:00

VOD

Have the link to the VOD?

Description

Time

  • Played on: Nov. 9, 2023, 12:40 p.m.
  • Length: 13:37
Show
View Real Time Build Order
Export as new Build Order

Obvi Zerg - Winner!

Build Orders: Hatch First 

Get SALT Encoding   

  12  0:00  Drone  
  13  0:12  Overlord  
  13  0:16  Drone  
  14  0:31  Drone  
  14  0:32  Drone  
  16  0:43  Drone  
  17  0:52  Hatchery  
  17  0:56  Drone  
  17  0:59  Drone  
  18  1:09  Extractor  
  17  1:14  Spawning Pool  
  17  1:16  Drone  
  17  1:19  Drone  
  18  1:28  Drone  
  19  1:40  Drone  
  20  1:51  Overlord  
  20  2:01  Queen  
  20  2:04  Zergling x2, Queen  
  20  2:06  Zergling x2  
  26  2:11  Metabolic Boost  
  26  2:17  Drone  
  26  2:21  Drone  
  28  2:24  Drone  
  28  2:25  Drone  
  30  2:38  Spore Crawler  
  29  2:51  Drone x4  
  29  2:54  Queen, Overlord  
  35  2:59  Hatchery  
  35  3:01  Drone  
  35  3:05  Drone  
  36  3:09  Overlord  
  36  3:17  Drone  
  36  3:19  Drone x3  
  40  3:22  Overlord  
  40  3:34  Drone x2  
  42  3:35  Drone x2  
  42  3:36  Drone  
  42  3:40  Drone  
  46  3:42  Extractor  
  45  4:07  Drone x6  
  45  4:08  Drone x3  
  54  4:12  Drone  
  55  4:18  Zergling x4  
  55  4:19  Lair  
  55  4:22  Queen x2  
  55  4:23  Zergling x2  
  62  4:32  Overlord  
  62  4:35  Overlord  
  62  4:37  Drone x3  
  62  4:38  Drone  
  66  4:44  Overlord  
  66  4:56  Roach Warren  
  66  4:57  Spore Crawler  
  66  4:58  Spore Crawler  
  66  4:59  Evolution Chamber  
  62  5:00  Spore Crawler  
  61  5:15  Drone x4  
  61  5:19  Drone x4  
  61  5:21  Drone x2  
  71  5:25  Extractor  
  71  5:26  Drone x2  
  71  5:27  Drone x3  
  75  5:29  Drone x3  
  75  5:32  Zerg Missile Weapons Level 1, Extractor  
  77  5:44  Extractor  
  76  5:51  Glial Reconstitution  
  76  5:52  Infestation Pit  
  75  6:00  Drone x2  
  76  6:12  Spire, Hatchery  
  76  6:15  Spore Crawler  
  76  6:17  Spore Crawler  
  72  6:24  Queen x3  
  78  6:36  Overlord x3  
  75  7:16  Roach x7  
  75  7:17  Queen x2  
  75  7:18  Queen  
  78  7:40  Drone x5  
  83  7:49  Drone  
  84  8:11  Queen x3  
  84  8:12  Corruptor x6  
  102  8:22  Drone x2  
  104  8:54  Overlord x7  
  104  9:00  Corruptor  
  104  9:11  Overlord x2  
  104  9:30  Roach x7  
  118  9:35  Roach x3  
  118  9:36  Roach x12  
  118  9:38  Hatchery  
  147  9:39  Extractor  
  147  9:41  Extractor  
  145  9:49  Infestor  
  145  9:50  Infestor x4  
  151  10:04  Corruptor x5  
  161  10:19  Overlord  
  161  10:24  Ravager  
  161  10:25  Ravager  
  161  10:26  Drone  
  161  10:27  Drone x3  
  161  10:28  Drone  
  166  10:41  Drone  
  166  10:42  Drone x4  
  171  10:47  Overlord  
  171  11:06  Corruptor x8  
  175  11:37  Corruptor x7  
  141  12:38  Corruptor x9  
  149  12:50  Corruptor x2  
  149  12:55  Roach  
  151  13:02  Ravager x2  
  153  13:10  Ravager x2  
  155  13:13  Ravager  
Show
View Real Time Build Order
Export as new Build Order

afkplayer Terran 

Build Orders: Reaper Expand 

Get SALT Encoding   

  12  0:00  SCV  
  13  0:12  SCV  
  14  0:17  Supply Depot  
  14  0:24  SCV  
  15  0:39  SCV  
  15  0:40  Barracks  
  16  0:50  Refinery  
  16  0:51  SCV  
  17  1:03  SCV  
  18  1:15  SCV  
  19  1:28  Orbital Command  
  19  1:36  Reaper  
  19  1:39  Command Center  
  20  1:58  Bunker, SCV  
  21  2:07  Supply Depot  
  21  2:10  Refinery  
  21  2:11  Barracks Reactor, SCV  
  22  2:23  SCV  
  23  2:31  Factory  
  23  2:35  SCV  
  24  2:47  SCV  
  24  2:48  Marine x2  
  27  2:52  Orbital Command  
  27  2:59  SCV  
  27  3:01  Supply Depot  
  28  3:06  Marine x2  
  28  3:11  SCV  
  31  3:18  SCV  
  32  3:23  SCV  
  32  3:25  Starport  
  33  3:30  SCV  
  34  3:35  SCV  
  34  3:38  Hellion x2  
  39  3:44  SCV  
  39  3:47  SCV  
  41  3:54  Supply Depot  
  41  3:56  Supply Depot  
  41  4:05  SCV  
  41  4:06  SCV  
  41  4:08  Refinery  
  45  4:10  Hellion  
  45  4:11  Refinery  
  45  4:15  Starport Tech Lab  
  44  4:18  SCV  
  44  4:22  Fusion Core  
  44  4:23  SCV  
  46  4:30  SCV  
  47  4:35  SCV  
  48  4:38  Supply Depot  
  48  4:41  Supply Depot  
  48  4:42  Hellion  
  50  4:46  SCV  
  50  4:50  SCV  
  52  5:00  Starport Tech Lab  
  52  5:03  Starport  
  52  5:07  SCV  
  52  5:08  SCV  
  52  5:11  Supply Depot  
  54  5:19  SCV  
  55  5:25  Hellion x2  
  59  5:38  SCV x2  
  59  5:41  Battlecruiser  
  67  5:50  Viking  
  69  5:59  Marine  
  70  6:10  Hellion x2  
  68  6:27  Battlecruiser  
  68  6:31  Command Center  
  74  6:34  SCV x2  
  76  6:51  SCV  
  77  6:58  Battlecruiser  
  83  7:17  SCV x2  
  85  7:29  SCV  
  86  7:43  SCV  
  80  7:47  SCV  
  80  7:49  Orbital Command  
  72  7:54  Factory  
  72  7:55  Factory, SCV  
  73  8:06  Battlecruiser x2  
  73  8:10  SCV  
  86  8:15  SCV x2  
  88  8:22  Cyclone x2  
  92  8:39  Factory Tech Lab x2  
  92  8:50  Refinery x2  
  92  8:53  Engineering Bay  
  92  9:00  Cyclone x3  
  92  9:02  Cyclone  
  100  9:14  SCV  
  100  9:15  Battlecruiser  
  100  9:16  Battlecruiser  
  107  9:19  SCV  
  107  9:21  Missile Turret  
  107  9:23  Missile Turret  
  108  9:25  Neosteel Armor, Supply Depot  
  108  9:38  Supply Depot x2  
  108  9:57  SCV x2  
  110  10:00  Command Center  
  110  10:04  Command Center  
  110  10:06  Command Center, Cyclone x2  
  116  10:09  Hurricane Engines  
  116  10:17  Missile Turret  
  116  10:19  Missile Turret  
  114  10:39  Factory  
  114  10:45  Factory x2  
  114  10:47  Armory  
  114  10:49  Armory  
  114  10:51  SCV x2  
  114  10:53  Battlecruiser x2  
  128  10:57  SCV  
  128  10:58  Missile Turret  
  128  11:00  Missile Turret  
  129  11:14  Missile Turret  
  129  11:16  Missile Turret, Refinery  
  129  11:17  Refinery  
  125  11:27  Orbital Command  
  125  11:28  Orbital Command  
  119  11:35  Cyclone  
  119  11:36  Cyclone x5  
  126  12:01  Battlecruiser  
  126  12:02  Battlecruiser  
  126  12:05  Starport  
  126  12:06  SCV x2, Starport  
  126  12:08  Cyclone  
  130  12:17  Orbital Command  
  130  12:18  Cyclone x2  
  130  12:19  Cyclone x3  
  105  12:40  Cyclone  
  95  12:50  Cyclone  
  95  12:51  Cyclone x4  
  85  13:03  Orbital Command  
Tags
 
Add a new tag
Caveats
  • Supply blocks, unpowered buildings, or Contaminate may cause inaccurate times.
  • Supply counts are checked every 10 seconds.